Map: Overgrown Facility

Players

ninjastars - Winner!

  • Race: Protoss Protoss
  • Spawn Location: 3:00

Raiderp - Winner!

  • Race: Terran Terran
  • Spawn Location: 1:00

VOD

Have the link to the VOD?

Description

Time

  • Played on: March 3, 2019, 9:33 p.m.
  • Length: 14:07
Show
View Real Time Build Order
Export as new Build Order

ninjastars Protoss - Winner!

Build Orders:  

Get SALT Encoding   

  12  0:03  Probe (Chrono Boost)  
  13  0:21  Pylon  
  13  0:23  Probe (Chrono Boost)  
  14  0:34  Probe (Chrono Boost)  
  15  0:48  Probe (Chrono Boost)  
  16  0:54  Gateway  
  16  1:05  Probe (Chrono Boost)  
  17  1:19  Pylon  
  17  1:22  Probe (Chrono Boost)  
  18  1:39  Probe (Chrono Boost)  
  19  2:01  Cybernetics Core  
  20  2:10  Probe (Chrono Boost)  
  20  2:11  Zealot  
  22  2:27  Probe (Chrono Boost)  
  23  2:44  Probe (Chrono Boost)  
  23  2:49  Zealot  
  26  3:06  Stargate  
  26  3:10  Stargate  
  26  3:33  Zealot  
  28  4:03  Oracle  
  31  4:36  Pylon  
  31  4:38  Pylon  
  31  4:55  Oracle  
  33  5:17  Stargate x2  
  33  5:21  Stargate  
  33  5:26  Void Ray  
  37  5:33  Protoss Air Weapons Level 1  
  37  5:36  Stalker  
  37  5:39  Void Ray  
  39  5:46  Pylon  
  39  5:49  Pylon  
  43  6:23  Void Ray  
  43  6:24  Void Ray  
  43  6:25  Void Ray  
  55  6:44  Void Ray  
  59  7:15  Void Ray  
  63  8:14  Pylon  
  63  8:15  Pylon  
  63  8:18  Pylon  
  63  8:21  Pylon  
  63  8:39  Void Ray x2  
  71  8:40  Void Ray x2  
  71  8:43  Void Ray  
  83  9:35  Pylon  
  83  9:37  Pylon  
  83  9:39  Void Ray x2  
  91  9:40  Void Ray  
  91  9:43  Protoss Air Armor Level 1  
  93  10:00  Void Ray  
  87  10:22  Void Ray  
  88  11:12  Void Ray x2  
  96  11:45  Void Ray x3  
  101  12:12  Void Ray  
  105  12:21  Void Ray  
  109  12:33  Pylon  
  109  12:36  Pylon  
  109  12:58  Void Ray  
  113  13:03  Void Ray x2  
  125  13:30  Pylon  
  125  13:33  Pylon  
  125  13:36  Pylon  
  125  13:38  Pylon  
  125  13:43  Pylon  
Show
View Real Time Build Order
Export as new Build Order

Raiderp Terran - Winner!

Build Orders:  

Get SALT Encoding   

  12  0:02  SCV  
  13  0:19  Supply Depot  
  13  0:26  SCV  
  14  0:43  SCV  
  15  0:55  Refinery  
  15  1:00  SCV  
  16  1:18  Barracks  
  16  1:24  SCV  
  17  1:31  Refinery  
  17  1:40  SCV  
  17  1:44  Refinery  
  18  1:50  Refinery  
  18  1:57  SCV  
  19  2:14  SCV  
  20  2:34  Supply Depot  
  20  2:38  Orbital Command  
  20  2:46  Marine  
  21  3:11  Marine  
  21  3:13  Bunker  
  22  3:24  SCV  
  23  3:36  Marine  
  24  3:41  SCV  
  25  3:58  SCV  
  26  4:01  Marine  
  26  4:03  Bunker  
  27  4:15  SCV  
  28  4:26  Marine  
  29  4:32  SCV  
  30  4:50  Marine  
  31  5:14  Refinery  
  31  5:23  Refinery  
  31  5:30  Marine  
  31  5:33  SCV  
  33  5:49  SCV  
  33  5:55  Marine  
  35  6:03  Command Center  
  35  6:26  SCV  
  36  6:43  SCV  
  37  7:35  SCV  
  38  7:49  Orbital Command  
  38  7:51  SCV  
  39  8:08  SCV  
  40  8:25  SCV  
  41  8:31  SCV  
  42  8:42  SCV  
  42  8:47  Factory  
  42  8:48  SCV  
  44  8:59  SCV  
  45  9:04  SCV  
  46  9:16  SCV  
  47  9:21  SCV  
  47  9:26  Supply Depot  
  48  9:33  SCV  
  48  9:38  SCV, Engineering Bay  
  50  9:50  Factory Tech Lab, SCV  
  50  9:55  SCV  
  50  9:58  Supply Depot  
  52  10:07  SCV  
  53  10:23  Siege Tank  
  53  10:26  Command Center  
  56  10:31  Supply Depot  
  56  11:00  SCV x2  
  56  11:04  Supply Depot  
  56  11:08  Siege Tank  
  61  11:12  Refinery  
  61  11:31  SCV  
  61  11:32  SCV  
  63  11:48  SCV  
  63  11:49  SCV  
  65  12:05  SCV  
  65  12:06  SCV  
  67  12:20  Refinery  
  67  12:22  SCV  
  67  12:23  SCV  
  69  12:35  Planetary Fortress  
  69  12:39  SCV  
  77  12:40  SCV  
  71  13:05  Barracks  
Tags
 
Add a new tag
Caveats
  • Supply blocks, unpowered buildings, or Contaminate may cause inaccurate times.
  • Supply counts are checked every 10 seconds.